 Dungeon Crawl Stone Soup version 0.23.0-3-gf3c87f2 (webtiles) character file.

Game seed: 8401281650114047083

1334 inmateoo the Grappler (level 8, -1/63 HPs)
             Began as a Ghoul Monk on Feb 21, 2019.
             Was a Priest of Cheibriados.
             Slain by a black bear (3 damage)
             ... on level 5 of the Dungeon.
             The game lasted 00:04:32 (3863 turns).

inmateoo the Grappler (Ghoul Monk)                  Turns: 3863, Time: 00:04:33

Health: -1/63      AC: 10    Str: 23    XL:     8   Next: 61%
Magic:  7/7        EV:  9    Int: 15    God:    Cheibriados [***...]
Gold:   7          SH:  0    Dex: 19    Spells: 7/7 levels left

rFire    . . .     SeeInvis .     - Unarmed
rCold    + . .     Gourm    .   (no shield)
rNeg     + + +     Faith    .   f - +1 chain mail
rPois    ∞         Spirit   .   (no helmet)
rElec    .         Reflect  .   u - +0 cloak
rCorr    .         Harm     .   (no gloves)
MR       .....                  (no boots)
Stlth    ..........             (no amulet)
HPRegen  0.00/turn              (no ring)
MPRegen  0.10/turn              (no ring)

@: rotting, very slow
A: rotting body, claws 1, carnivore, cold resistance 1, negative energy
resistance 3, inhibited regeneration, torment resistance, unbreathing
a: Bend Time, Temporal Distortion, Renounce Religion


You were on level 5 of the Dungeon.
You worshipped Cheibriados.
Cheibriados was most pleased with you.
You were not hungry.

You visited 1 branch of the dungeon, and saw 6 of its levels.

You collected 139 gold pieces.
You spent 132 gold pieces at shops.

Inventory:

Armour
 f - a +1 chain mail (worn)
 u - a +0 cloak (worn)
Jewellery
 s - an uncursed amulet of the gourmand {unknown}
 v - an uncursed ring of protection from magic {unknown}
Wands
 j - a wand of enslavement (5)
 q - a wand of random effects (8)
Scrolls
 a - 3 scrolls of blinking
 k - 5 scrolls of identify {unknown}
 m - 3 scrolls of remove curse
 p - 2 scrolls of teleportation
 r - a scroll of immolation {unknown}
 w - a scroll of fog {unknown}
 y - a scroll of amnesia {unknown}
Potions
 c - a potion of heal wounds {unknown}
 d - 2 potions of lignification {unknown}
 e - 2 potions of mutation {unknown}
 g - 2 potions of brilliance {unknown}
 h - a potion of cancellation {unknown}
 i - a potion of degeneration {unknown}
 l - a potion of agility {unknown}
 n - a potion of invisibility {unknown}
 o - a potion of might {unknown}
 x - a potion of curing {unknown}
Comestibles
 b - 8 rations


   Skills:
 - Level 3.2 Fighting
 - Level 2.6 Dodging
 - Level 2.1 Stealth
 + Level 11.4 Unarmed Combat


You had 7 spell levels left.
You didn't know any spells.
Your spell library was empty.

Dungeon Overview and Level Annotations

Branches:
Dungeon (6/15)
 Temple: D:4-7

Altars:
Cheibriados
Fedhas
Uskayaw
Vehumet
Xom
Zin
The Shining One

Shops:
D:5 *


Innate Abilities, Weirdness & Mutations

Your body is rotting away.
You thrive on raw meat.
You are immune to poison.
You have sharp fingernails.
You are carnivorous and can eat meat at any time.
Your flesh is cold resistant. (rC+)
You are immune to negative energy. (rN+++)
You do not regenerate when monsters are visible.
You are immune to unholy pain and torment.
You can survive without breathing.


Message History

The black bear claws you but does no damage. x2
You completely miss the black bear.
The black bear is heavily wounded.
The black bear bites you.
* * * LOW HITPOINT WARNING * * *
The black bear claws you but does no damage.
The black bear claws you.
* * * LOW HITPOINT WARNING * * *
Your chain mail prevents you from hitting the black bear.
The black bear is heavily wounded.
You scratch the black bear.
The black bear is severely wounded.
The black bear misses you.
The black bear claws you but does no damage.
The black bear claws you.
* * * LOW HITPOINT WARNING * * *
Your chain mail prevents you from hitting the black bear.
The black bear is severely wounded.
The black bear bites you.
You die...

#.#.##.##.#
#.#.##.##.##
#..........#
#...##.##..#
#...##.##..#
#######..........#
#.........>)..##.#
#.######.####h##.#
#.# #.# #@##.# #.#
#.####.##.# #.#
#.........# #.#
##.####.#### #.#
#..# #.# #.# #.##
#.# #.# ##.## #.#
####.####...####(#
(...#.....#......#


You could see a black bear.

Vanquished Creatures
  2 sky beasts (D:6)
  2 ogres
  2 centaurs (D:6)
  A necrophage (D:5)
  2 bullfrogs
  Blork the orc (D:6)
  2 scorpions
  A crimson imp (D:4)
  A hound (D:4)
  2 orc wizards (D:6)
  2 worker ants (D:5)
  6 gnolls (D:2)
  7 adders
  A shadow imp (D:6)
  2 oozes
  An adder skeleton (D:4)
  3 worms (D:2)
  3 dart slugs
  5 leopard geckos
  16 orcs
  4 bats
  11 giant cockroaches
  3 goblins
  6 hobgoblins
  6 jackals
  4 quokkas
  3 ball pythons (D:2)
  7 frilled lizards
  3 goblin zombies (D:4)
  4 hobgoblin zombies (D:4)
  5 kobolds
  A kobold skeleton (D:4)
  3 kobold zombies (D:4)
  An orc skeleton (D:4)
  4 rats
127 creatures vanquished.

Notes
Turn   | Place    | Note
-------+----------+-------------------------------------------
     0 | D:1      | inmateoo the Ghoul Monk began the quest for the Orb.
     0 | D:1      | Reached XP level 1. HP: 19/19 MP: 0/0
   174 | D:1      | Reached skill level 4 in Unarmed Combat
   174 | D:1      | Reached XP level 2. HP: 12/26 MP: 1/1
   681 | D:2      | Reached XP level 3. HP: 30/31 MP: 2/2
   730 | D:2      | Reached skill level 5 in Unarmed Combat
   735 | D:2      | Reached XP level 4. HP: 21/38 MP: 3/3
  1026 | D:2      | Reached skill level 6 in Unarmed Combat
  1044 | D:2      | Reached XP level 5. HP: 28/45 MP: 4/4
  1791 | D:3      | Found a hide-covered altar of Uskayaw.
  1791 | D:3      | Found a radiant altar of Vehumet.
  2031 | D:4      | Found a glowing golden altar of the Shining One.
  2107 | D:4      | Reached skill level 7 in Unarmed Combat
  2107 | D:4      | Reached XP level 6. HP: 51/51 MP: 5/5
  2181 | D:4      | Found a glowing silver altar of Zin.
  2183 | D:4      | Found a snail-covered altar of Cheibriados.
  2191 | D:4      | Became a worshipper of Cheibriados the Contemplative
  2191 | D:4      | Reached * piety under Cheibriados
  2191 | D:4      | Reached ** piety under Cheibriados
  2880 | D:5      | Entered Level 5 of the Dungeon
  3025 | D:5      | Reached skill level 8 in Unarmed Combat
  3226 | D:5      | Found Ezopsuikh's Assorted Antiques.
  3231 | D:5      | Bought a scroll of teleportation for 81 gold pieces
  3231 | D:5      | Bought a scroll labeled PUFOHY SISYS for 27 gold pieces
  3231 | D:5      | Bought a pink potion for 24 gold pieces
  3366 | D:5      | Found a shimmering altar of Xom.
  3373 | D:5      | Noticed a necrophage
  3376 | D:5      | Killed a necrophage
  3376 | D:5      | Reached XP level 7. HP: 57/57 MP: 6/6
  3622 | D:6      | Reached *** piety under Cheibriados
  3643 | D:6      | Reached skill level 9 in Unarmed Combat
  3706 | D:6      | Found a blossoming altar of Fedhas.
  3741 | D:6      | Reached skill level 10 in Unarmed Combat
  3741 | D:6      | Reached XP level 8. HP: 22/63 MP: 7/7
  3752 | D:6      | Noticed Blork the orc
  3769 | D:6      | Killed Blork the orc
  3827 | D:5      | Reached skill level 11 in Unarmed Combat
  3860 | D:5      | HP: 3/63 [black bear (3)]
  3863 | D:5      | Slain by a black bear

Skill      XL: |  1  2  3  4  5  6  7  8 |
---------------+-------------------------+-----
Unarmed Combat | 4 5 6 7 8 10 11 | 11.4
Fighting       | |  3.2
Dodging        | |  2.6
Stealth        | |  2.1

Action                   |  1- 3 |  4- 6 |  7- 9 || total
-------------------------+-------+-------+-------++-------
Melee: Unarmed           |    73 |   255 |    95 ||   423
       Punch             |     4 |     3 |     2 ||     9
  Use: Scroll            |       |     4 |       ||     4
 Stab: Sleeping          |     1 |       |       ||     1
  Eat: Chunk             |     5 |    24 |    30 ||    59
Armor: Chain mail        |    39 |   123 |    62 ||   224
       Robe              |     1 |       |       ||     1
Dodge: Dodged            |    14 |    88 |    52 ||   154
